 Dungeon Crawl Stone Soup version 0.28.0 (webtiles) character file.

Game seed: 9638308524805471179

153980 sanka the Devastator (level 17, -3/102 HPs)
             Began as a Deep Elf Transmuter on Feb 9, 2022.
             Was a High Priest of Vehumet.
             Slain by a bunyip (31 damage)
             ... on level 2 of the Swamp.
             The game lasted 02:04:57 (45896 turns).

sanka the Devastator (Deep Elf Transmuter)         Turns: 45896, Time: 02:04:57

Health: -3/102     AC: 14    Str: 10    XL:     17   Next: 5%
Magic:  28/37      EV: 24    Int: 37    God:    Vehumet [*****.]
Gold:   1692       SH:  0    Dex: 15    Spells: 7/44 levels left

rFire   + . .      SeeInvis +   b - +0 lajatang (flame)
rCold   . . .      Faith    +   (shield currently unavailable)
rNeg    + + .      Spirit   .   c - +2 robe "Cuanwine" {rElec rN+ Slay+4 SInv}
rPois   +          Reflect  .   i - +2 helmet {Int+3}
rElec   +          Harm     .   f - +2 cloak {rF+}
rCorr   .          Rampage  .   j - +0 pair of gloves
Will    +....                   P - +2 pair of boots
Stlth   +.........              s - amulet of faith
HPRegen 0.27/turn               G - ring "Wafuus" {rPois rN+ Str+3 Int+7}
MPRegen 0.25/turn               A - +4 ring of evasion

@: no status effects
A: no striking features
a: Renounce Religion


You were on level 2 of the Swamp.
You worshipped Vehumet.
Vehumet was extremely pleased with you.
You visited 5 branches of the dungeon, and saw 26 of its levels.
You also visited: Sewer, Bailey and Volcano.

You collected 3036 gold pieces.
You spent 1344 gold pieces at shops.

Inventory:

Hand Weapons
 b - a +0 lajatang of flaming (weapon)
 y - the +14 obsidian axe {vorpal, Mesm Drain Fly SInv}
   (You found it on level 13 of the Dungeon)

   It inflicts extra damage upon your enemies.
   It occasionally summons demons to assist the wielder when it strikes in
   combat.
   Its wielder is mesmerised by any visible foes.
   It cannot be unequipped while any foes are visible.
   SInv:      It lets you see invisible.
   Fly:       It grants you flight.
   Drain:     It drains your maximum health when unequipped.
Missiles
 D - 5 throwing nets
Armour
 c - the +2 robe "Cuanwine" (worn) {rElec rN+ Slay+4 SInv}
   (You found it on level 3 of the Lair of Beasts)

   Slay:      It affects your accuracy & damage with ranged weapons and melee
   (+4).
   rElec:     It insulates you from electricity.
   rN:        It protects you from negative energy.
   SInv:      It lets you see invisible.
 f - a +2 cloak of fire resistance (worn)
 i - a +2 helmet of intelligence (worn)
 j - a +0 pair of gloves (worn)
 l - a +2 cloak of preservation
 P - a +2 pair of boots (worn)
Magical Staves
 w - a staff of fire
Jewellery
 o - an amulet of regeneration
 p - a ring of fire
 s - an amulet of faith (around neck)
 v - a ring of flight
 A - a +4 ring of evasion (right hand)
 G - the ring "Wafuus" (left hand) {rPois rN+ Str+3 Int+7}
   (You found it on level 7 of the Dungeon)

   [ring of poison resistance]

   Str:       It affects your strength (+3).
   Int:       It affects your intelligence (+7).
   rPois:     It protects you from poison.
   rN:        It protects you from negative energy.
 K - a ring of protection from cold
 W - a ring of protection from fire
Wands
 d - a wand of paralysis (6)
 e - a wand of flame (40)
 q - a wand of acid (3)
 C - a wand of charming (23)
 E - a wand of mindburst (24)
 M - a wand of digging (29)
 X - a wand of polymorph (13)
Scrolls
 h - 3 scrolls of fog
 m - a scroll of amnesia
 r - 11 scrolls of teleportation
 u - 4 scrolls of immolation
 F - 3 scrolls of fear
 N - 5 scrolls of summoning
 Q - 4 scrolls of magic mapping
 R - a scroll of vulnerability
 Y - 3 scrolls of noise
Potions
 a - a potion of flight {unknown}
 g - 5 potions of heal wounds
 k - 3 potions of invisibility {unknown}
 t - 3 potions of cancellation
 x - 4 potions of attraction {unknown}
 z - 6 potions of haste
 B - a potion of magic {unknown}
 H - 6 potions of mutation
 J - 9 potions of ambrosia
 T - 2 potions of might {unknown}
 U - a potion of brilliance {unknown}
 V - 8 potions of curing
 Z - 2 potions of berserk rage
Miscellaneous
 n - a condenser vane


   Skills:
 - Level 10.0 Fighting
 * Level 9.8 Staves
 - Level 15.0 Dodging
 - Level 2.4 Unarmed Combat
 - Level 14.0 Spellcasting
 - Level 20.0 Conjurations
 - Level 4.0 Transmutations
 + Level 7.7 Fire Magic
 - Level 4.0 Air Magic
 - Level 4.0 Poison Magic


You had 7 spell levels left.
You knew the following spells:

 Your Spells              Type           Power      Damage    Failure   Level
a - Sticky Flame          Conj/Fire      91%        2d10      1%          4
b - Starburst             Conj/Fire      45%        6d13      1%          6
c - Freezing Cloud        Conj/Ice/Air   35%        6-21      1%          5
d - Shock                 Conj/Air       100%       1d9       0%          1
e - Fulminant Prism       Conj/Hex       39%        3d18      1%          4
f - Iskenderun's Mystic   Conj/Tloc      79%        2d16      1%          4
g - Orb of Destruction    Conj           54%        9d14      1%          7
h - Iron Shot             Conj/Erth      39%        9d8       1%          6

Your spell library contained the following spells:

 Spells                   Type           Power      Damage    Failure   Level
 Apportation              Tloc           50%        N/A       1%          1
 Beastly Appendage        Tmut           100%       N/A       1%          1
 Freeze                   Ice            100%       1d11      1%          1
 Sting                    Tmut/Pois      100%       1d8       1%          1
 Corpse Rot               Necr/Air       80%        N/A       1%          2
 Poisonous Vapours        Pois/Air       100%       N/A       1%          2
 Wereblood                Tmut           53%        N/A       1%          2
 Frozen Ramparts          Ice            50%        1d7       1%          3
 Spider Form              Tmut/Pois      53%        N/A       1%          3
 Swiftness                Air            53%        N/A       1%          3
 Airstrike                Air            26%        N/A       1%          4
 Hailstorm                Conj/Ice       79%        3d16      1%          4
 Olgreb's Toxic Radiance  Pois           53%        N/A       1%          4
 Blink                    Tloc           50%        N/A       2%          2
 Lesser Beckoning         Tloc           25%        N/A       4%          3
 Ice Form                 Ice/Tmut       40%        N/A       6%          4
 Alistair's Intoxication  Tmut/Pois      35%        N/A       8%          5
 Lee's Rapid Deconstruct  Erth           12%        3d10*     11%         5
 Eringya's Noxious Bog    Tmut/Pois      26%        N/A       11%         6
 Borgnjor's Vile Clutch   Necr/Erth      12%        N/A       36%         5
 Manifold Assault         Tloc           25%        N/A       36%         5


Dungeon Overview and Level Annotations

Branches:
Dungeon (15/15)            Temple (1/1) D:6            Lair (6/6) D:11
  Swamp (2/4) Lair:4       Spider (0/4) Lair:4        Slime (0/5) Lair:5
    Orc (2/2) D:10            Elf (0/3) Orc:2        Vaults (0/5) D:14
 Depths (0/4) D:15          Sewer (visited)          Bailey (visited)
Volcano (visited)

Altars:
Ashenzari
Cheibriados
Dithmenos
Elyvilon
Fedhas
Gozag
Hepliaklqana
Kikubaaqudgha
Makhleb
Nemelex Xobeh
Okawaru
Qazlal
Ru
Sif Muna
Trog
Uskayaw
Vehumet
Wu Jian
Xom
Yredelemnul
Zin
The Shining One
Beogh
Jiyva
Lugonu

Shops:
D:3 !   Orc:2 *[[=

Portals:
Abyss: Lair:6
Trove: D:10 (give +6 demon whip)

Annotations:
Lair:3 3 runed translucent doors, exclusion: 3 doors, Foabaekk's ghost, journeyman GrMo
Swamp:2 Aizul


Message History

You feel sick. Aizul casts a spell at you. The poison arrow hits you!
You are more poisoned.
You partially resist.
You feel very sick.
You feel very sick. Aizul casts a spell at you. The poison arrow misses you.
Aizul coils herself and waves her upper body at you.
You fall asleep.
You feel sick.
The bunyip howls a warning cry!
Aizul casts a spell at you. The poison arrow hits you!
You are more poisoned.
You partially resist.
You wake up.
Unknown command.
Unknown command.
Unknown command.
Unknown command.
You feel very sick.
The bunyip howls a warning cry!
You feel very sick.
You feel very sick.
You feel sick.
You feel sick.
The bunyip howls a warning cry!
You feel sick.
You enter the shallow water.
Moving in this stuff is going to be slow.
You feel sick.
You feel sick.
The bunyip howls a warning cry!
You feel sick.
You are no longer poisoned.
There is a stone staircase leading up here.
The bunyip howls a warning cry!
Aizul casts a spell at you.
The bolt of poison hits the bunyip.
The bolt of poison misses you. The bunyip closely misses you.
The bunyip claws you!!
You die...

≈≈≈≈..♣♣♣♣♣♣♣.......♣♣
.♣♣♣≈≈.≈..♣≈...≈♣♣.≈≈♣♣
..S.....≈.♣≈≈≈.♣....♣.♣
.#...##.x.♣.≈..♣...♣≈.♣♣
.S#..##...♣♣♣♣♣♣≈.≈♣≈..♣
###.....#..♣...........♣
.....#........S..≈.≈..♣♣
♣♣...........♣♣x...♣≈.≈♣
♣♣♣...###.^.♣♣♣@.≈♣♣..♣ ♣
♣≈..#...≈≈≈.♣♣♣♣♣♣..♣♣
♣♣♣♣.^.#...≈§≈≈≈≈≈♣♣♣...♣
♣♣.....###.≈≈.≈≈.♣♣♣..≈♣♣
....##...........♣♣≈...♣
##...#....[....≈≈.♣≈≈.♣♣
....##.......≈§≈≈>♣♣..♣
##.......♣♣♣♣♣♣≈..♣..♣♣
........≈(♣ ♣♣♣≈.♣♣♣


You could see Aizul and a bunyip (catching breath).

Vanquished Creatures
  Kirke (Lair:5)
  Nessos (D:14)
  An eleionoma (Swamp:1)
  2 bunyips (Swamp:1)
  Josephine (D:11)
  A yaktaur captain (D:14)
  A rakshasa (D:13)
  Harold (D:7)
  10 hydras
  2 boulder beetles (D:15)
  A catoblepas (Lair:4)
  3 ghost crabs (Swamp:2)
  2 centaur warriors
  2 alligators
  A death knight (D:12)
  4 two-headed ogres
  3 thrashing horrors (Lair:6)
  A vampire mage (D:15)
  Nergalle (Lair:4)
  4 skeletal warriors
  A titan skeleton (D:15)
  3 goliath frogs
  A bog body (Swamp:2)
  2 swamp dragons (Swamp:2)
  A spriggan druid (Swamp:1)
  A wizard (D:15)
  2 anaconda skeletons (Volcano)
  Pikel (D:5)
  8 orc knights
  A deep elf pyromancer (D:13)
  3 manticores
  A sphinx zombie (D:15)
  2 orc sorcerers (Orc:1)
  14 ugly things
  A necromancer (D:15)
  2 stone giant zombies (D:15)
  5 cyclopes
  A cyclops (shapeshifter) (Lair:6)
  A will-o-the-wisp (Swamp:1)
  A moth of wrath (shapeshifter) (Lair:6)
  A black mamba (shapeshifter) (D:15)
  8 gargoyles
  2 smoke demons (Lair:6)
  9 elephants
  A torpor snail (Lair:4)
  10 cane toads
  Maggie (D:8)
  An unseen horror (D:12)
  A kobold demonologist (D:9)
  3 yaktaurs
  A rime drake (Lair:4)
  2 freezing wraiths
  4 efreet
  7 komodo dragons
  A komodo dragon (shapeshifter) (D:15)
  A guardian mummy (D:15)
  An ancient zyme (Lair:6)
  3 meliai (D:14)
  A bloated husk (Swamp:2)
  6 trolls
  4 tyrant leeches
  3 hornets
  A polar bear (Lair:1)
  A queen bee (D:14)
  A tarantella (Lair:4)
  20 slime creatures
  2 harpy skeletons (Volcano)
  17 blink frogs (Lair:6)
  10 dream sheep
  3 flying skulls (Volcano)
  3 alligator skeletons (Volcano)
  3 spriggans
  3 shadows
  3 wyverns
  7 wraiths
  Sigmund (D:2)
  2 ynoxinuls (Lair:6)
  2 water elementals (D:14)
  4 hogs
  8 basilisks
  42 yaks
  11 vampire mosquitoes
  2 steam dragons
  A chaos spawn (Lair:6)
  Menkaure (D:6)
  8 swamp worms
  12 wargs
  2 acid dragons
  Duvessa (D:6)
  14 water moccasins
  An ice beast (D:7)
  2 large abominations (Lair:6)
  40 orc warriors
  Pargi (Sewer)
  A sky beast (D:8)
  4 black bears
  3 wolves (Lair:3)
  4 ogres
  21 centaurs
  3 lemures (D:5)
  5 kobold brigands
  10 small abominations (Lair:6)
  11 bullfrogs
  2 gnoll sergeants
  A scorpion (D:5)
  A wyvern skeleton (D:7)
  Dowan (D:6)
  32 killer bees
  7 wights
  A troll skeleton (Volcano)
  2 electric eels (Lair:5)
  7 howler monkeys
  A spriggan skeleton (Volcano)
  3 bullfrog zombies
  6 centaur zombies
  4 hounds
  2 jellies
  21 orc priests
  Crazy Yiuf (D:6)
  A gnoll shaman (D:7)
  A scorpion zombie (D:3)
  6 iguanas
  7 orc wizards
  3 killer bee zombies
  2 naga skeletons (Volcano)
  A hound zombie (D:4)
  3 howler monkey zombies
  20 gnolls
  8 adders
  A shadow imp (D:5)
  2 white imps (D:6)
  An adder skeleton (D:3)
  3 worms
  2 dart slugs
  83 orcs
  5 ball pythons
  13 bats
  6 endoplasms
  6 giant cockroaches
  14 goblins
  7 hobgoblins
  6 jackals (D:3)
  8 quokkas
  A frilled lizard (D:1)
  22 kobolds
  8 rats
  A fulminant prism (Orc:2)
790 creatures vanquished.

Vanquished Creatures (others)
  A hornet (Swamp:2)
  A spriggan (Swamp:2)
  2 humans (Lair:5)
  A wight (D:8)
  61 fulminant prisms
  40 fungi
  73 plants
  3 withered plants (D:15)
182 creatures vanquished.

Grand Total: 972 creatures vanquished

Notes
Turn   | Place    | Note
-------+----------+-------------------------------------------
     0 | D:1      | sanka the Deep Elf Transmuter began the quest for the Orb.
     0 | D:1      | Reached XP level 1. HP: 11/11 MP: 6/6
   192 | D:1      | Reached skill level 1 in Poison Magic
   342 | D:1      | Reached XP level 2. HP: 14/16 MP: 8/8
   650 | D:1      | Learned a level 2 spell: Wereblood
   663 | D:1      | Found a faded altar of an unknown god.
  1292 | D:1      | Reached XP level 3. HP: 20/20 MP: 7/9
  1868 | D:1      | Learned a level 3 spell: Spider Form
  1881 | D:1      | Learned a level 1 spell: Shock
  2315 | D:2      | Noticed Sigmund
  3476 | D:3      | Reached XP level 4. HP: 24/24 MP: 8/10
  4077 | D:3      | Reached XP level 5. HP: 18/28 MP: 9/11
  4097 | D:3      | Found a glowing drain.
  4115 | Sewer    | Entered a sewer
  4267 | Sewer    | Noticed Pargi
  4280 | Sewer    | Killed Pargi
  4281 | Sewer    | Reached skill level 1 in Conjurations
  4281 | Sewer    | Reached skill level 1 in Air Magic
  4514 | D:3      | Reached XP level 6. HP: 19/33 MP: 10/14
  4551 | D:3      | Reached skill level 2 in Conjurations
  4667 | D:3      | Found Kietudd's Distillery.
  5386 | D:4      | Noticed a +0 dagger
  5394 | D:4      | Found a hide-covered altar of Uskayaw.
  5527 | D:4      | Reached skill level 3 in Conjurations
  5616 | D:4      | Noticed a +0 dagger
  5674 | D:4      | Reached skill level 5 in Spellcasting
  5674 | D:4      | Reached XP level 7. HP: 37/37 MP: 9/16
  6154 | D:5      | Entered Level 5 of the Dungeon
  6429 | D:5      | Reached skill level 4 in Conjurations
  6742 | D:5      | Found a burning altar of Makhleb.
  7131 | D:6      | Noticed Pikel
  7353 | D:5      | Killed Pikel
  7354 | D:5      | Reached skill level 5 in Conjurations
  7354 | D:5      | Reached XP level 8. HP: 25/42 MP: 19/22
  7576 | D:6      | Reached skill level 1 in Fighting
  7843 | D:6      | Noticed Duvessa
  7845 | D:6      | Noticed Dowan
  7997 | D:6      | Killed Duvessa
  8053 | D:6      | Killed Dowan
  8095 | D:5      | Reached skill level 5 in Dodging
  8139 | D:6      | Found a staircase to the Ecumenical Temple.
  8148 | Temple   | Entered the Ecumenical Temple
  8434 | Temple   | Became a worshipper of Vehumet
  8499 | D:6      | Reached XP level 9. HP: 50/50 MP: 18/24
  8842 | D:6      | Noticed Menkaure
  8849 | D:6      | Killed Menkaure
  9018 | D:6      | Found a runed translucent door.
  9019 | D:6      | Noticed Crazy Yiuf
  9192 | D:6      | Found a basalt altar of Yredelemnul.
  9337 | D:7      | Reached * piety under Vehumet
  9337 | D:7      | Offered knowledge of Sandblast by Vehumet.
  9409 | D:7      | Identified the ring "Wafuus" {rPois rN+ Str+3 Int+7}
  9603 | D:7      | Found an ancient bone altar of Kikubaaqudgha.
  9932 | D:7      | Found a white marble altar of Elyvilon.
 10746 | D:7      | Reached skill level 10 in Dodging
 10861 | D:8      | Noticed Harold
 10910 | D:8      | Noticed a cyclops
 10989 | D:7      | Killed a cyclops
 11234 | D:8      | Reached XP level 10. HP: 48/56 MP: 25/25
 11656 | D:8      | Noticed a two-headed ogre
 11685 | D:8      | Killed a two-headed ogre
 11715 | D:7      | HP: 3/87 [hornet (10)]
 11730 | D:7      | Reached skill level 5 in Fighting
 11814 | D:7      | Killed Harold
 11814 | D:7      | Reached ** piety under Vehumet
 11943 | D:8      | Offered knowledge of Foxfire by Vehumet.
 11962 | D:8      | Noticed Maggie
 12071 | D:4      | Found a hide-covered altar of Uskayaw.
 13346 | D:2      | Killed Sigmund
 13628 | D:6      | Killed Crazy Yiuf
 13810 | D:8      | Killed Maggie
 14275 | D:9      | Found a shadowy altar of Dithmenos.
 14278 | D:9      | Found an opulent altar of Gozag.
 14347 | D:9      | Identified the +2 robe "Zeetelai" {Rampage}
 14432 | D:9      | Found a flagged portal.
 14437 | Bailey   | Entered a bailey
 14550 | Bailey   | Offered knowledge of Ignite Poison by Vehumet.
 14641 | Bailey   | Reached skill level 10 in Conjurations
 14641 | Bailey   | Reached XP level 11. HP: 64/64 MP: 26/26
 14664 | Bailey   | Reached *** piety under Vehumet
 14726 | Bailey   | Noticed an orc knight
 14944 | Bailey   | Noticed an orc knight
 14973 | Bailey   | Killed an orc knight
 15062 | Bailey   | Reached XP level 12. HP: 50/70 MP: 17/27
 15241 | Bailey   | Acquired a +2 helmet of intelligence
 15359 | D:9      | Found a broken altar of Ashenzari.
 15550 | D:3      | Bought a potion of experience for 550 gold pieces
 15550 | D:3      | Reached skill level 13 in Conjurations
 15550 | D:3      | Reached XP level 13. HP: 74/74 MP: 28/28
 15798 | D:9      | Found a bloodstained altar of Trog.
 16120 | D:9      | Offered knowledge of Olgreb's Toxic Radiance by Vehumet.
 16589 | D:10     | Entered Level 10 of the Dungeon
 16743 | D:10     | Reached skill level 15 in Dodging
 16900 | D:10     | Reached **** piety under Vehumet
 17019 | D:10     | Offered knowledge of Conjure Flame by Vehumet.
 17166 | D:10     | Found a staircase to the Orcish Mines.
 17294 | D:10     | Found a portal to a secret trove of treasure.
 17383 | D:10     | Reached skill level 14 in Conjurations
 17966 | D:11     | Noticed Josephine
 17988 | D:11     | Killed Josephine
 18390 | D:11     | Learned a level 4 spell: Fulminant Prism
 18395 | D:11     | Learned a level 4 spell: Iskenderun's Mystic Blast
 18939 | D:11     | Found a staircase to the Lair.
 19167 | Lair:1   | Entered Level 1 of the Lair of Beasts
 19531 | Lair:1   | You fall into a shaft and drop 1 floor!
 19619 | Lair:2   | Reached ***** piety under Vehumet
 20088 | Lair:2   | Offered knowledge of Orb of Destruction by Vehumet.
 20097 | Lair:2   | Learned a level 7 spell: Orb of Destruction
 21217 | Lair:3   | Identified the +1 ring mail "Tattu" {rF++}
 21244 | Lair:3   | Found a dark tunnel.
 21324 | Volcano  | Entered a volcano
 21528 | Volcano  | Reached skill level 10 in Spellcasting
 22246 | Volcano  | Reached skill level 15 in Conjurations
 22742 | Volcano  | Reached skill level 16 in Conjurations
 22742 | Volcano  | Reached XP level 14. HP: 80/86 MP: 30/30
 23205 | Lair:3   | Reached XP level 15. HP: 90/90 MP: 25/31
 23444 | Lair:3   | Found a runed translucent gate.
 23445 | Lair:3   | Found a runed translucent gate.
 23445 | Lair:3   | Found a runed translucent gate.
 23447 | Lair:3   | Noticed Foabaekk's ghost (journeyman GrMo)
 23449 | Lair:3   | Found a viscous altar of Jiyva.
 23790 | Lair:3   | Identified the +2 robe "Cuanwine" {rElec rN+ Slay+4 SInv}
 24960 | Lair:4   | Reached skill level 17 in Conjurations
 25418 | Lair:4   | Found a hole to the Spider Nest.
 25501 | Lair:4   | Noticed Nergalle
 25526 | Lair:4   | Killed Nergalle
 26031 | Lair:4   | Found a staircase to the Swamp.
 26212 | Lair:4   | Identified the +5 fustibalus of the Lost Nightcaps {speed,
                  | *Corrode Str+3 Dex+3}
 26882 | Lair:5   | Found a viscous altar of Jiyva.
 26884 | Lair:5   | Found a staircase to the Slime Pits.
 26982 | Lair:5   | Noticed Kirke
 27389 | Lair:5   | Offered knowledge of Sticky Flame by Vehumet.
 27439 | Lair:5   | Learned a level 4 spell: Sticky Flame
 27620 | Lair:5   | Killed Kirke
 27729 | Lair:5   | Reached skill level 10 in Fighting
 28511 | Lair:6   | Entered Level 6 of the Lair of Beasts
 29798 | Lair:6   | Offered knowledge of Ozocubu's Refrigeration by Vehumet.
 30109 | Lair:6   | Reached skill level 18 in Conjurations
 31334 | Lair:6   | Found a corrupted altar of Lugonu.
 31334 | Lair:6   | Found a one-way gate to the infinite horrors of the Abyss.
 32050 | Orc:1    | Entered Level 1 of the Orcish Mines
 32226 | Orc:1    | Reached skill level 1 in Staves
 32601 | Orc:2    | Entered Level 2 of the Orcish Mines
 33137 | Orc:2    | Reached skill level 19 in Conjurations
 33984 | Orc:2    | Found a staircase to the Elven Halls.
 34001 | Orc:2    | Reached XP level 16. HP: 97/97 MP: 25/36
 34245 | Orc:2    | Offered knowledge of Starburst by Vehumet.
 34253 | Orc:2    | Learned a level 6 spell: Starburst
 34915 | Orc:2    | Reached skill level 1 in Fire Magic
 35390 | Orc:2    | Found Oxoopref's Antique Armour Shoppe.
 35390 | Orc:2    | Found Kogotwia's Antique Armour Boutique.
 35392 | Orc:2    | Found Ypnaiqiun's Jewellery Shop.
 35394 | Orc:2    | Found Vuit's Assorted Antiques.
 35965 | Orc:2    | Bought a pair of pitted gloves for 275 gold pieces
 35965 | Orc:2    | Identified the +4 pair of gloves "Zosokat" {Harm rElec
                  | rPois Stlth-} (You bought it in a shop on level 2 of the
                  | Orcish Mines)
 37579 | D:13     | Offered knowledge of Yara's Violent Unravelling by Vehumet.
 37823 | D:13     | Reached skill level 5 in Staves
 38261 | D:3      | Bought 2 potions of heal wounds for 110 gold pieces
 38261 | D:3      | Bought a potion of curing for 33 gold pieces
 38261 | D:3      | Bought a potion of curing for 33 gold pieces
 38261 | D:3      | Bought a potion of curing for 33 gold pieces
 38261 | D:3      | Bought a potion of curing for 33 gold pieces
 38477 | Orc:2    | Bought a scroll of teleportation for 102 gold pieces
 39267 | D:13     | Found the +14 obsidian axe {vorpal, Mesm Drain Fly SInv}
 39792 | D:14     | Noticed Nessos
 39809 | D:14     | Killed Nessos
 40149 | D:14     | Reached skill level 5 in Fire Magic
 40790 | D:14     | Found a gate to the Vaults.
 40993 | D:14     | Identified the +0 robe "Rigipoill" {*Corrode rF++ Int+5}
 41090 | D:14     | Found a sacrificial altar of Ru.
 41250 | D:15     | Entered Level 15 of the Dungeon
 41318 | D:15     | Offered knowledge of Freezing Cloud by Vehumet.
 41894 | D:15     | Found a staircase to the Depths.
 41969 | D:15     | Reached skill level 20 in Conjurations
 42214 | D:15     | Learned a level 5 spell: Freezing Cloud
 43009 | Orc:2    | Bought a ring of flight for 175 gold pieces
 43222 | Swamp:1  | Entered Level 1 of the Swamp
 44482 | Swamp:2  | Offered knowledge of Iron Shot by Vehumet.
 44490 | Swamp:2  | Learned a level 6 spell: Iron Shot
 44814 | Swamp:2  | Reached XP level 17. HP: 38/102 MP: 14/37
 45484 | Swamp:2  | Noticed Aizul
 45896 | Swamp:2  | Slain by a bunyip

Illustrated notes

Levels and vault maps discovered:
D:1:      wander_arrival_peaceful_grave, layout_loops_ring,
          basic_ecumenical_altar
D:2:      layout_basic, uniq_sigmund
D:3:      layout_basic, portal_sewer_entry_f, serial_shops, shop,
          minmay_liquid_box
D:4:      layout_basic, dancing_weapons_uskayaw
D:5:      layout_loops_cross, mainiacjoe_overflow_alcove_1
D:6:      layout_cave_pools, lemuel_zombie_altar_yredelemnul,
          minmay_temple_entry_proselytizer, roderic_cross_of_infinity,
          uniq_crazy_yiuf_cottage, uniq_menkaure, uniq_duvessa, uniq_pikel
D:7:      layout_cave_pods, mainiacjoe_overflow_six_doors_small,
          kiku_gazebo_pond_becter, minmay_misc_feat_tower
D:8:      kennysheep_six_static_rooms, layout_cave_pods, uniq_maggie,
          uniq_harold
D:9:      layout_roguey, grunt_temple_overflow_open,
          nicolae_ashenzari_panopticon, bloody_trog, enter_bailey_3,
          david_defended_altar_orc
D:10:     layout_loops_ring, david_orc_5, nicolae_trove_entry_columns
D:11:     layout_long_grid, erik_lair_orcish_takeover, minmay_fractal_squares_5,
          uniq_josephine
D:12:     layout_basic, kennysheep_big_empty_room, minmay_tree_intersection
D:13:     minmay_weird_star, layout_rooms
D:14:     layout_loops_ring, david_vaults_2, nicolae_ru_the_path_less_chosen,
          special_room [special_room_bee], grunt_ministairs_12,
          small_chamber_with_monster, serial_bayou_lagoon_a, uniq_nessos
D:15:     gammafunk_depths_entry_grave, layout_cave_pools, bh_walls_and_bars,
          nicolae_concentric_dashed_squares_mild
Temple:   oiseaux_autumnal_temple
Lair:1:   layout_gridlike, grunt_forest_large_clearing_hut
Lair:2:   layout_cave_pods
Lair:3:   layout_layer_cave, special_room, gammafunk_ghost_ooze,
          enter_volcano_2, lemuel_fruit_tree
Lair:4:   layout_hall_layers, palyth_hydra_swamp_entry,
          spider_nest_entry_rubble, uniq_nergalle
Lair:5:   layout_roguey, slime_altar_1, serial_bayou_shore_a, uniq_kirke
Lair:6:   hellmonk_lair_end_abyssal_woods, layout_hall_layers
Swamp:1:  layout_basic_swamp, nicolae_swamp_long_stream,
          infiniplex_staircase_pool
Swamp:2:  layout_basic_swamp, serial_swamp_ruin, evilmike_swamp_ruin_house_2,
          evilmike_swamp_ruin_house_4, evilmike_swamp_ruin_rubble_2, uniq_aizul
Orc:1:    cheibrodos_orc_guarddog, layout_caves
Orc:2:    st_orc_rangers, layout_caves

Skill      XL: |  1  2  3  4  5  6  7  8  9 10 11 12 13 14 15 16 |
---------------+-------------------------------------------------+-----
Poison Magic   | 1 2 3 4 |  4.0
Transmutations | 3 4 |  4.0
Conjurations   | 1 3 5 10 13 16 19 20 | 20.0
Air Magic      | 1 2 4 |  4.0
Spellcasting   | 4 5 8 9 10 14 | 14.0
Fighting       | 3 4 6 9 10 | 10.0
Dodging        | 5 10 13 14 15 | 15.0
Staves         | 2 9 |  9.8
Fire Magic     | 7 |  7.7
Unarmed Combat | |  2.4

Action                   |  1- 3 |  4- 6 |  7- 9 | 10-12 | 13-15 | 16-18 || total
-------------------------+-------+-------+-------+-------+-------+-------++-------
Melee: Unarmed           |   119 |   107 |   255 |    95 |    49 |       ||   625
       Kick              |    25 |     8 |       |       |       |       ||    33
       Headbutt          |    15 |     4 |       |       |       |       ||    19
       Dagger            |    18 |    79 |    19 |    13 |    41 |       ||   170
       Punch             |       |     3 |       |       |    18 |       ||    21
       Long sword        |       |       |       |       |    56 |       ||    56
       Broad axe         |       |       |       |       |   107 |       ||   107
       Lajatang          |       |       |       |       |    39 |   140 ||   179
 Cast: Beastly Appendage |    35 |    11 |       |       |       |       ||    46
       Spider Form       |     6 |    12 |    32 |    14 |     5 |       ||    69
       Shock             |       |    20 |   200 |   166 |   254 |       ||   640
       Fulminant Prism   |       |       |       |       |    60 |     2 ||    62
       Orb of Destructio |       |       |       |       |   202 |   172 ||   374
       Iskenderun's Myst |       |       |       |       |    53 |    10 ||    63
       Starburst         |       |       |       |       |       |    49 ||    49
       Iron Shot         |       |       |       |       |       |     1 ||     1
 Abil: End Transformatio |       |       |       |     1 |       |       ||     1
Evoke: Wand              |       |       |    11 |    28 |     5 |     6 ||    50
  Use: Potion            |       |     1 |     1 |    11 |     7 |     7 ||    27
       Scroll            |       |     4 |     1 |     5 |    14 |     5 ||    29
 Stab: Sleeping          |     2 |       |       |       |       |       ||     2
       Paralysed         |       |       |     9 |       |       |     5 ||    14
       Distracted        |       |       |       |       |     2 |       ||     2
Armor: Robe              |    24 |    11 |       |       |    68 |    65 ||   168
       Skin              |     3 |     3 |    21 |    46 |    21 |       ||    94
       Troll leather arm |       |     9 |    13 |     8 |    52 |       ||    82
       Ring mail         |       |       |       |       |    25 |       ||    25
Dodge: Dodged            |    81 |   153 |   370 |   182 |   779 |   389 ||  1954
